 Dungeon Crawl Stone Soup version 0.21-a0-584-g185da8e (console) character file.

1258 sirnathan the Chopper (level 8, 0/94 HPs)
             Began as a Demonspawn Berserker on Dec 21, 2017.
             Was a Priest of Trog.
             Slain by an orc warrior
             ... wielding a +0 flail
              (9 damage)
             ... on level 6 of the Dungeon.
             The game lasted 00:13:24 (5751 turns).

sirnathan the Chopper (Demonspawn Berserker)        Turns: 5751, Time: 00:13:24

Health: 0/94       AC: 15    Str: 25    XL:     8   Next: 27%
Magic:  0/8        EV:  7    Int:  9    God:    Trog [***...]
Gold:   91         SH:  3    Dex: 12    Spells: 7/7 levels left

rFire    + . .     SeeInvis .   r - +0 war axe
rCold    . . .     Gourm    .   n - +0 buckler
rNeg     . . .     Faith    .   e - +0 plate armour
rPois    .         Spirit   +   (no helmet)
rElec    .         Reflect  .   (no cloak)
rCorr    .         Harm     .   (no gloves)
MR       .....                  j - +0 pair of boots
Stlth    ..........             (no amulet)
HPRegen  0.25/turn              (no ring)
MPRegen  0.11/turn              C - ring of protection from fire

@: berserking, very quick
A: hooves 1, thin metallic scales 2, magic shield
a: Berserk, Trog's Hand, Burn Spellbooks, Renounce Religion


You were on level 6 of the Dungeon.
You worshipped Trog.
Trog was most pleased with you.
You were hungry.

You visited 1 branch of the dungeon, and saw 6 of its levels.

You collected 238 gold pieces.
You spent 147 gold pieces at shops.

Inventory:

Hand Weapons
 r - a +0 war axe (weapon)
Armour
 e - a +0 plate armour (worn)
 j - a +0 pair of boots (worn)
 n - a +0 buckler (worn)
Jewellery
 C - a ring of protection from fire (right hand)
Wands
 z - a wand of flame (62)
Scrolls
 d - 5 scrolls of remove curse
 h - a scroll of amnesia {unknown}
 l - 2 scrolls of fog {unknown}
 o - 4 scrolls of enchant armour {unknown}
 p - 3 scrolls of identify
 q - 2 scrolls of teleportation {unknown}
 s - 2 scrolls of enchant weapon
 y - 4 scrolls of magic mapping {unknown}
Potions
 f - 3 potions of brilliance {unknown}
 g - 2 potions of lignification {unknown}
 i - 3 potions of curing {unknown}
 k - 2 potions of magic {unknown}
 m - 4 potions of might {unknown}
 t - a potion of haste {unknown}
 u - a potion of berserk rage {unknown}
 v - a potion of invisibility {unknown}
 w - a potion of heal wounds {unknown}
 x - 3 potions of flight
 A - a potion of agility
Comestibles
 c - 9 rations


   Skills:
 * Level 5.5 Fighting
 * Level 7.7 Axes
 + Level 3.6 Armour
 + Level 2.2 Dodging


You had 7 spell levels left.
You didn't know any spells.

Dungeon Overview and Level Annotations

Branches:
Dungeon (6/15)
 Temple: D:4-7

Altars:
Cheibriados
Hepliaklqana
Vehumet
Xom

Shops:
D:5 (%*?(   D:6 [


Innate Abilities, Weirdness & Mutations

You have large cloven feet.
You are mostly covered in thin metallic scales. (AC +3)
When hurt, damage is shared between your health and your magic reserves.


Message History

You hit the orc warrior but do no damage.
The orc warrior hits you with a flail.
* * * LOW HITPOINT WARNING * * *
You are too injured to fight recklessly!
Your plate armour prevents you from hitting the orc warrior.
The orc warrior is almost dead.
You slash the orc wizard!
You kill the orc wizard!
Trog accepts your kill.
Trog appreciates your killing of a magic user.
You slash the orc warrior!
The orc warrior hits you with a war axe.
* * * LOW HITPOINT WARNING * * *
The killer bee zombie hits you but does no damage.
You closely miss the orc warrior.
The orc warrior is almost dead.
You closely miss the killer bee zombie. You closely miss the orc warrior.
The killer bee zombie hits you but does no damage.
The orc warrior hits you with a flail!
You die...

#.## ###..# #.#..#
#..#####...## #.#..#
##.#.....### #.#...
#.).##### #...#. #...#
...### #...### ### ##. #.
#.#...# #.. ...... .
#.###.# #.# .#..##
?.$###.###.###.####.##.#
.....oooo#..##.#....##.#
.....ooZ@......#....##.##
..##.#####..#..#....##...
#...............#
#.....##.....#..#
#................
#................
#.........=.##...
#..........###...
#....#...........
######.....###... ##....#
#...


You could see 2 orc warriors, an orc priest, an orc wizard, 2 orcs and a killer
bee zombie.

Vanquished Creatures
  The ghost of lunkers the Poker, an amateur NaBe of Trog (D:3)
  An ogre (D:4)
  A centaur (D:6)
  2 scorpions
  A crimson imp (D:6)
  2 bullfrog zombies (D:6)
  2 centaur zombies (D:6)
  3 centaur skeletons
  2 bullfrog skeletons
  An orc priest (D:6)
  An iguana (D:5)
  3 worker ants
  6 orc wizards
  A hound zombie (D:6)
  2 worker ant zombies (D:6)
  6 adders
  A howler monkey skeleton (D:6)
  2 gnolls (D:3)
  A shadow imp (D:5)
  2 oozes
  3 adder zombies
  An adder skeleton (D:4)
  5 worms
  2 dart slugs
  3 leopard geckos
  17 orcs
  3 giant cockroaches
  4 goblins
  2 hobgoblins
  3 jackals (D:4)
  2 kobolds
  6 quokkas
  3 bats
  11 frilled lizards
  A jackal skeleton (D:6)
  A jackal zombie (D:6)
  A leopard gecko skeleton (D:6)
  A leopard gecko zombie (D:6)
  A quokka skeleton (D:6)
  6 rats
117 creatures vanquished.

Vanquished Creatures (others)
  An orc (D:4)
1 creature vanquished.

Grand Total: 118 creatures vanquished

Notes
Turn   | Place    | Note
-------+----------+-------------------------------------------
     0 | D:1      | sirnathan the Demonspawn Berserker began the quest for the Orb.
     0 | D:1      | Reached XP level 1. HP: 18/18 MP: 1/1
   204 | D:1      | Reached skill level 3 in Axes
   204 | D:1      | Gained mutation: When hurt, damage is shared between your health and your magic reserves. [demonic ancestry]
   204 | D:1      | Reached XP level 2. HP: 24/24 MP: 2/2
   752 | D:2      | Found a snail-covered altar of Cheibriados.
   959 | D:2      | Reached XP level 3. HP: 12/29 MP: 1/3
  1711 | D:2      | Found a hazy altar of Hepliaklqana.
  2204 | D:3      | Found a shimmering altar of Xom.
  2229 | D:3      | Reached XP level 4. HP: 32/37 MP: 4/4
  2411 | D:3      | Reached ** piety under Trog
  2488 | D:3      | Noticed lunkers's ghost (amateur NaBe)
  2551 | D:3      | Killed lunkers's ghost
  2551 | D:3      | Reached skill level 4 in Axes
  2551 | D:3      | Gained mutation: You are partially covered in thin metallic scales. (AC +2) [demonic ancestry]
  2551 | D:3      | Reached XP level 5. HP: 31/42 MP: 3/5
  2654 | D:3      | Reached skill level 5 in Axes
  2874 | D:3      | Reached XP level 6. HP: 42/48 MP: 6/6
  3725 | D:4      | Found a radiant altar of Vehumet.
  3774 | D:4      | Reached skill level 6 in Axes
  3774 | D:4      | Gained mutation: You are mostly covered in thin metallic scales. (AC +3) [demonic ancestry]
  3774 | D:4      | Reached XP level 7. HP: 15/55 MP: 1/7
  4191 | D:5      | Entered Level 5 of the Dungeon
  4263 | D:5      | Found Buor Cagak's Magic Scroll Shoppe.
  4284 | D:5      | Bought a scroll of enchant weapon for 90 gold pieces
  4284 | D:5      | Bought a scroll of identify for 24 gold pieces
  4416 | D:5      | Reached skill level 5 in Fighting
  4420 | D:5      | Found Diwu's Antique Weapon Shoppe.
  4573 | D:5      | Found Voafutir's Food Shop.
  4588 | D:5      | Found Astrururph's Weapon Shop.
  4627 | D:5      | Found Qigu's General Store.
  4630 | D:5      | Bought a potion of flight for 33 gold pieces
  5208 | D:6      | Reached *** piety under Trog
  5311 | D:6      | Found Nias's Armour Emporium.
  5338 | D:6      | Reached skill level 7 in Axes
  5451 | D:6      | Gained mutation: You have large cloven feet. [demonic ancestry]
  5451 | D:6      | Reached XP level 8. HP: 63/63 MP: 8/8
  5751 | D:6      | Slain by an orc warrior

Vault maps used:
D:1:      minmay_arrival_stair_chambers, serial_bayou_lake_a
D:2:      cheibriados_altar_1, marbit_many_paths
D:3:      wad_woods_tower, nicolae_overflow_hidden_temple, tgw_xom
D:4:      fiery_altar_vehumet, serial_bayou_pond_c
D:5:      first_ration, serial_shops, nicolae_shop_window_shopping,
          kennysheep_mini_moat, shop, nicolae_shop_stone, shop
D:6:      minmay_temple_entry_fiery, serial_undead, serial_undead_a,
          serial_undead_d, serial_undead_b, serial_undead_d, serial_undead_b,
          serial_undead_a, serial_shops, nicolae_shop_crystal

Skill      XL: |  1  2  3  4  5  6  7 |
---------------+----------------------+-----
Axes           | 3 4 5 6 7 |  7.7
Armour         | 2 3 |  3.6
Fighting       | 4 5 |  5.5
Dodging        | 2 |  2.2

Action                   |  1- 3 |  4- 6 |  7- 9 || total
-------------------------+-------+-------+-------++-------
Melee: Hand axe          |   123 |     6 |       ||   129
       War axe           |       |   159 |   211 ||   370
Invok: Berserk           |     1 |     2 |     1 ||     4
       Burn Spellbooks   |       |       |     1 ||     1
  Use: Scroll            |       |     1 |     1 ||     2
  Eat: Chunk             |     5 |     6 |     8 ||    19
Armor: Plate armour      |    95 |   139 |   202 ||   436
Dodge: Dodged            |    35 |    80 |    80 ||   195

Table legend:
 A = Spawn XP
 B = Non-spawn XP
 C = Spawn XP percentage of total XP
 D = Spawn monster count
 E = Non-spawn monster count
 F = Spawn count percentage of total count
 G = Total turns spent on level
                    A         B        C        D         E        F      G
               +---------+---------+-------+---------+---------+-------+---------
         Total |       0 |    1798 |   0.0 |       0 |     117 |   0.0 |  5751
               +---------+---------+-------+---------+---------+-------+---------
           D:1 |       0 |      19 |   0.0 |       0 |      13 |   0.0 |   752
           D:2 |       0 |      35 |   0.0 |       0 |       8 |   0.0 |  1236
           D:3 |       0 |     329 |   0.0 |       0 |      27 |   0.0 |  1230
           D:4 |       0 |     359 |   0.0 |       0 |      21 |   0.0 |  1041
           D:5 |       0 |     327 |   0.0 |       0 |      20 |   0.0 |   917
           D:6 |       0 |     729 |   0.0 |       0 |      28 |   0.0 |   575
               +---------+---------+-------+---------+---------+-------+---------
